 Dungeon Crawl Stone Soup version 0.30-a0-760-g5a9884bb7c (webtiles) character file.

Game seed: 4815117086581732414

1118 avis the Skirmisher (level 8, -3/62 HPs)
             Began as a Formicid Hunter on Feb 11, 2023.
             Succumbed to a hornet's poison
             ... on level 7 of the Dungeon.
             The game lasted 00:34:46 (5875 turns).

avis the Skirmisher (Formicid Hunter)               Turns: 5875, Time: 00:34:47

Health: -3/62      AC:  8    Str: 16    XL:     8   Next: 60%
Magic:  17/17      EV: 12    Int:  9    God:
Gold:   187        SH:  6    Dex: 19    Spells: 7/7 levels left

rFire   . . .      SeeInvis +    b - +1 sling (freeze)
rCold   . . .      Faith    .    i - +0 buckler
rNeg    . . .      Spirit   .    c - +0 leather armour
rPois   .          Reflect  .    (helmet unavailable)
rElec   .          Harm     .    (no cloak)
rCorr   .          Rampage  .    F - +0 pair of gloves
Will    .....                    (no boots)
Stlth   +++                      p - amulet of the acrobat
HPRegen 0.30/turn                t - +4 ring of protection
MPRegen 0.15/turn                y - ring of magical power

@: lethally poisoned (-3 -> -18)
A: permanent stasis, dig shafts and tunnels, antennae 3, four strong arms
a: Dig, Shaft Self


You were on level 7 of the Dungeon.
You visited 2 branches of the dungeon, and saw 8 of its levels.

You collected 245 gold pieces.
You spent 58 gold pieces at shops.

Inventory:

Hand Weapons
 a - a +0 short sword
 b - a +1 sling of freezing (weapon)
 w - a +0 shortbow
 P - a +0 shortbow
Missiles
 g - 5 boomerangs
 k - 10 poisoned darts
 J - 3 javelins
Armour
 c - a +0 leather armour (worn)
 i - a +0 buckler (worn)
 F - a +0 pair of gloves (worn)
Magical Staves
 K - a staff of air
Jewellery
 p - an amulet of the acrobat (around neck)
 t - a +4 ring of protection (left hand)
 y - a ring of magical power (right hand)
 C - an amulet of guardian spirit
 E - a +6 ring of intelligence
 H - an amulet of reflection
Wands
 e - a wand of paralysis (3)
Scrolls
 f - 2 scrolls of immolation
 h - 2 scrolls of teleportation {unknown}
 j - 2 scrolls of magic mapping {unknown}
 l - 4 scrolls of identify {unknown}
 m - a scroll of torment {unknown}
 r - a scroll of fear {unknown}
 s - 3 scrolls of poison {unknown}
 v - a scroll of amnesia {unknown}
 A - a scroll of fog {unknown}
 D - a scroll of blinking {unknown}
 G - a scroll of vulnerability {unknown}
 M - 3 scrolls of enchant armour {unknown}
Potions
 d - 2 potions of degeneration {unknown}
 n - 2 potions of resistance {unknown}
 q - a potion of invisibility {unknown}
 u - 2 potions of mutation {unknown}
 x - 3 potions of attraction {unknown}
 z - 2 potions of lignification {unknown}
 I - 3 potions of might {unknown}
 L - a potion of flight {unknown}
 N - a potion of brilliance {unknown}
 O - a potion of ambrosia {unknown}


   Skills:
 - Level 5.0 Fighting
 * Level 8.0 Ranged Weapons
 - Level 3.0 Dodging
 - Level 4.0 Stealth
 - Level 4.0 Shields


You had 7 spell levels left.
You didn't know any spells.
Your spell library contained the following spells:

 Spells                   Type           Power      Damage    Failure   Level
 Magic Dart               Conj           0%         1d3       52%         1
 Sting                    Tmut/Pois      0%         1d3       52%         1
 Summon Small Mammal      Summ           0%         N/A       52%         1
 Poisonous Vapours        Pois/Air       0%         N/A       67%         2
 Searing Ray              Conj           0%         2d4       67%         2
 Call Canine Familiar     Summ           0%         N/A       88%         3
 Hailstorm                Conj/Ice       0%         3d3       88%         3
 Ignite Poison            Fire/Tmut/Pois 0%         N/A       88%         3
 Kindle Blastsparks       Fire/Tloc/Air  0%         2d10      88%         3
 Summon Guardian Golem    Hex/Summ       0%         N/A       88%         3
 Fulminant Prism          Conj/Hex       0%         3d5       99%         4
 Ice Form                 Ice/Tmut       0%         N/A       99%         4
 Olgreb's Toxic Radiance  Pois           0%         N/A       99%         4
 Freezing Cloud           Conj/Ice/Air   0%         6-21      100%        5
 Simulacrum               Ice/Necr       0%         N/A       100%        6


Dungeon Overview and Level Annotations

Branches:
Dungeon (7/15)             Temple (1/1) D:4

Altars:
Ashenzari
Cheibriados
Dithmenos
Elyvilon
Gozag
Hepliaklqana
Kikubaaqudgha
Makhleb
Okawaru
Qazlal
Ru
Sif Muna
Trog
Uskayaw
Vehumet
Wu Jian
Xom
Yredelemnul
Zin
The Shining One

Shops:
D:3 ?   D:6 **

Annotations:
D:1 1 transporter


Innate Abilities, Weirdness & Mutations

You cannot be hasted, slowed, berserked, paralysed or teleported.
You can dig through walls and to a lower floor.
You have a pair of large antennae on your head. (SInv)
Your four strong arms can wield two-handed weapons with a shield.


Message History

You shoot a sling bullet. The sling bullet hits the hornet.
The sling bullet freezes the hornet.
The hornet is severely wounded.
You feel sick. The hornet stings you!
You are more poisoned.
Your stasis prevents you from being paralysed.
The hornet misses you.
Fire: b) +1 sling (freeze)
Press: ? - help, Q - select action, (/) - cycle Shift-Dir - straight line, f/p - hornet
Aim: a hornet (severely wounded, 54% to hit)
You shoot a sling bullet. The sling bullet hits the hornet.
The sling bullet freezes the hornet.
The hornet is severely wounded.
You feel very sick. The hornet closely misses you.
Fire: b) +1 sling (freeze)
Press: ? - help, Q - select action, (/) - cycle Shift-Dir - straight line, f/p - hornet
Aim: a hornet (severely wounded, 54% to hit)
You shoot a sling bullet.
The sling bullet closely misses the hornet.
You feel very sick. The hornet stings you!
* * * LOW HITPOINT WARNING * * *
You are more poisoned.
Your stasis prevents you from being slowed.
The hornet closely misses you.
Fire: b) +1 sling (freeze)
Press: ? - help, Q - select action, (/) - cycle Shift-Dir - straight line, f/p - hornet
Aim: a hornet (severely wounded, 54% to hit)
You shoot a sling bullet. The sling bullet misses the hornet.
* * * LOW HITPOINT WARNING * * *
You feel very sick.
The hornet stings you but does no damage. x2
Fire: b) +1 sling (freeze)
Press: ? - help, Q - select action, (/) - cycle Shift-Dir - straight line, f/p - hornet
Aim: a hornet (severely wounded, 54% to hit)
You shoot a sling bullet. The sling bullet hits the hornet.
The sling bullet freezes the hornet.
The hornet is severely wounded.
You die...

... #.# . #.#
.. #.# ...##
#.# .#
.....##.###.#
..$...$.....#
........y##.#
...####@....##
#......####.
#..5........
##.....####
#.##....##
#.......###
#.##.#.....#
#. ...###.#.#
. #####..>..##


You could see a hornet and a shadow imp.

Vanquished Creatures
  An ice beast (D:5)
  An ogre (D:5)
  A centaur (D:7)
  A necrophage (D:4)
  2 bullfrogs (D:7)
  2 scorpions
  A howler monkey (D:7)
  3 orc priests
  2 hounds
  6 iguanas
  An orc wizard (D:4)
  6 adders
  A shadow imp (D:6)
  2 white imps
  3 worms (D:2)
  4 dart slugs
  13 orcs
  3 ball pythons
  5 endoplasms
  3 giant cockroaches
  12 goblins
  3 hobgoblins
  8 jackals
  6 kobolds
  2 quokkas (D:3)
  6 bats
  6 rats
104 creatures vanquished.

Vanquished Creatures (others)
  7 fungi (D:4)
  2 plants (D:3)
9 creatures vanquished.

Grand Total: 113 creatures vanquished

Notes
Turn   | Place    | Note
-------+----------+-------------------------------------------
     0 | D:1      | avis the Formicid Hunter began the quest for the Orb.
     0 | D:1      | Reached XP level 1. HP: 16/16 MP: 1/1
    48 | D:1      | Reached XP level 2. HP: 23/23 MP: 2/2
   389 | D:1      | Reached XP level 3. HP: 29/29 MP: 3/3
   894 | D:2      | Reached skill level 5 in Ranged Weapons
   894 | D:2      | Reached XP level 4. HP: 28/35 MP: 4/4
  1957 | D:3      | Found Umis Mel's Magic Scroll Shoppe.
  2084 | D:3      | Reached XP level 5. HP: 28/41 MP: 5/5
  2306 | D:3      | Reached skill level 6 in Ranged Weapons
  2718 | D:4      | Reached XP level 6. HP: 40/47 MP: 6/6
  3324 | D:4      | Reached XP level 7. HP: 53/54 MP: 7/7
  3336 | D:4      | Reached skill level 7 in Ranged Weapons
  3416 | D:4      | Found a staircase to the Ecumenical Temple.
  3428 | Temple   | Entered the Ecumenical Temple
  3428 | Temple   | Found a transporter.
  3428 | Temple   | Found a transporter.
  3430 | Temple   | Found a transporter.
  3430 | Temple   | Found a transporter.
  3622 | D:5      | Entered Level 5 of the Dungeon
  4073 | D:5      | Reached skill level 8 in Ranged Weapons
  4258 | D:5      | Found a hazy altar of Hepliaklqana.
  4258 | D:5      | Found an ancient bone altar of Kikubaaqudgha.
  4258 | D:5      | Found a bloodstained altar of Trog.
  4659 | D:6      | Found Eghegap's General Store.
  4662 | D:6      | Bought a +0 pair of gloves for 58 gold pieces
  4735 | D:6      | Reached XP level 8. HP: 57/60 MP: 8/8
  5182 | D:6      | Found Sogg's Lightly-Used Armoury.
  5828 | D:7      | Reached skill level 5 in Fighting
  5843 | D:7      | Noticed a hornet
  5874 | D:7      | HP: 1/62 [poisoned by a hornet]
  5875 | D:7      | Succumbed to a hornet's poison

Illustrated notes

Levels and vault maps discovered:
D:1:      spicycebolla_arrival_risky_transporter, layout_loops_ring,
          hangedman_decor_growths, minmay_misc_feat_alley,
          chequers_serial_rivers_room_b, chequers_serial_rivers_micro_e
D:2:      layout_basic
D:3:      layout_rooms, serial_shops, nicolae_shop_advertising_works
          [nicolae_subvault_shop_adworks], roderic_serpentine_path,
          serial_bayou_crossing
D:4:      layout_rooms, minmay_temple_entry_statues_pillars, serial_aquarium,
          aquarium_bridge_long_separate [aquarium_subvault_wall,
          aquarium_subvault_bridge, aquarium_subvault_bridge,
          aquarium_subvault_bridge, aquarium_subvault_window,
          aquarium_subvault_bridge], aquarium_bridge_straight
          [aquarium_subvault_bridge, aquarium_subvault_wall,
          aquarium_subvault_bridge, aquarium_subvault_window],
          aquarium_window_fake, aquarium_window_2, aquarium_view_2b,
          aquarium_balcony_1b, aquarium_pool_2
D:5:      layout_basic, gammafunk_temple_overflow_claw
D:6:      layout_loops_ring, serial_shops, nicolae_stop_n_shop_2,
          minmay_shop_damaged, corner_web_ring
D:7:      layout_loops_ring, small_statue_intersection
Temple:   hellmonk_temple_divided_pantheon

Skill      XL: |  1  2  3  4  5  6  7  8 |
---------------+-------------------------+-----
Fighting       | 3 4 5 |  5.0
Ranged Weapons | 5 6 8 |  8.0
Dodging        | 2 3 |  3.0
Shields        | 2 4 |  4.0
Stealth        | 2 4 |  4.0

Action                     |  1- 3 |  4- 6 |  7- 9 || total
---------------------------+-------+-------+-------++-------
   Fire: Shortbow          |    54 |    45 |       ||    99
         Sling             |       |   137 |   181 ||   318
Ability: Dig               |     1 |       |       ||     1
    Use: Potion            |       |     1 |     6 ||     7
 Armour: Leather armour    |     5 |     8 |    22 ||    35
  Dodge: Dodged            |     9 |    32 |    53 ||    94
  Block: Buckler           |     1 |    14 |    23 ||    38

Table legend: (Time is in decaauts)
 A = Elapsed time spent in this place.
 B = Non-inter-level travel time spent in this place.
 C = Inter-level travel time spent in this place.
 D = Time resting spent in this place.
 E = Time spent auto-exploring this place.
 F = Levels seen in this place.
 G = Mean time per level.
                   A        B        C        D        E       F      G
               +--------+--------+--------+--------+--------+-----+--------+
         Total |   5949 |   5286 |    663 |    610 |   3261 |   8 |  743.6 |
       Dungeon |   5898 |   5235 |    663 |    610 |   3261 |   7 |  842.6 |
        Temple |     51 |     51 |      0 |      0 |      0 |   1 |   51.0 |
               +--------+--------+--------+--------+--------+-----+--------+

Top non-repeatable levels by time:
     D:2: 1180 daAuts
     D:5: 1060 daAuts
     D:6: 1020 daAuts
     D:3: 958 daAuts
     D:1: 774 daAuts
     D:4: 765 daAuts
     D:7: 139 daAuts
  Temple: 51 daAuts
